 Dungeon Crawl Stone Soup version 0.29.1-15-g9cfb28693d (webtiles) character file.

Game seed: 4793235575215082918

427 KyoPewz the Trooper (level 6, -2/53 HPs)
             Began as a Gnoll Wanderer on Mar 23, 2023.
             Was a Believer of the Shining One.
             Slain by Duvessa
             ... wielding a +2 rapier of holy wrath
              (13 damage)
             ... on level 4 of the Dungeon.
             The game lasted 00:07:49 (4145 turns).

KyoPewz the Trooper (Gnoll Wanderer)                Turns: 4145, Time: 00:07:50

Health: -2/53      AC:  6    Str: 13    XL:     6   Next: 97%
Magic:  11/11      EV: 10    Int: 12    God:    the Shining One [**....]
Gold:   122        SH:  4    Dex: 11    Spells: 11/12 levels left

rFire   . . .      SeeInvis .   z - +4 falchion (holy)
rCold   . . .      Faith    .   r - +0 buckler
rNeg    + + .      Spirit   .   b - +0 ring mail
rPois   .          Reflect  .   (no helmet)
rElec   .          Harm     .   (no cloak)
rCorr   .          Rampage  .   l - +0 pair of gloves
Will    +....                   (no boots)
Stlth   +.........              (no amulet)
HPRegen 0.17/turn               B - ring of willpower
MPRegen 0.12/turn               N - ring of positive energy

@: hasted, glowing, very quick
A: fangs 1, strong nose, distributed training
a: Renounce Religion, Divine Shield


You were on level 4 of the Dungeon.
You worshipped the Shining One.
The Shining One was pleased with you.
You visited 1 branch of the dungeon, and saw 4 of its levels.

You collected 122 gold pieces.

Inventory:

Hand Weapons
 z - a +4 falchion of holy wrath (weapon)
Missiles
 i - 8 poisoned darts
 o - 41 stones
 v - 6 datura-tipped darts
Armour
 b - a +0 ring mail (worn)
 l - a +0 pair of gloves (worn)
 r - a +0 buckler (worn)
 y - a +0 helmet
Jewellery
 B - a ring of willpower (left hand)
 N - a ring of positive energy (right hand)
Scrolls
 c - a scroll of summoning
 e - 2 scrolls of poison {unknown}
 j - a scroll of vulnerability {unknown}
 k - a scroll of torment {unknown}
 p - 3 scrolls of identify {unknown}
 q - 2 scrolls of noise {unknown}
 t - a scroll of immolation {unknown}
 w - a scroll of amnesia {unknown}
 A - a scroll of teleportation {unknown}
Potions
 a - a potion of mutation {unknown}
 d - a potion of degeneration {unknown}
 f - a potion of berserk rage {unknown}
 g - 2 potions of heal wounds {unknown}
 m - 3 potions of attraction {unknown}
 n - 2 potions of magic {unknown}
 s - 2 potions of flight {unknown}
 u - a potion of curing {unknown}
 x - a potion of brilliance {unknown}


   Skills:
 + Level 6.9 Fighting
 + Level 2.2 Short Blades
 + Level 3.4 Long Blades
 + Level 2.2 Axes
 + Level 2.2 Maces & Flails
 + Level 2.2 Polearms
 + Level 2.2 Staves
 + Level 2.2 Ranged Weapons
 + Level 3.4 Throwing
 + Level 3.4 Armour
 + Level 2.2 Dodging
 + Level 2.2 Stealth
 + Level 2.2 Shields
 + Level 2.2 Unarmed Combat
 + Level 3.6 Spellcasting
 + Level 1.8 Conjurations
 + Level 1.8 Hexes
 + Level 1.8 Summonings
 + Level 1.8 Necromancy
 + Level 1.8 Translocations
 + Level 1.8 Transmutations
 + Level 1.8 Fire Magic
 + Level 5.7 Ice Magic
 + Level 1.8 Air Magic
 + Level 1.8 Earth Magic
 + Level 1.8 Poison Magic
 + Level 2.5 Invocations
 + Level 2.2 Evocations


You had 11 spell levels left.
You knew the following spells:

 Your Spells              Type           Power      Damage    Failure   Level
a - Freeze                Ice            64%        1d8       6%          1

Your spell library contained the following spells:

 Spells                   Type           Power      Damage    Failure   Level
 Ensorcelled Hibernation  Hex/Ice        22%        N/A       21%         2
 Shock                    Conj/Air       24%        1d4       30%         1
 Ignite Poison            Fire/Tmut/Pois 6%         N/A       65%         3
 Mephitic Cloud           Conj/Pois/Air  6%         N/A       65%         3
 Ice Form                 Ice/Tmut       11%        N/A       80%         4
 Freezing Cloud           Conj/Ice/Air   4%         6-21      99%         5


Dungeon Overview and Level Annotations

Branches:
Dungeon (4/15)
 Temple: D:4-7

Altars:
Elyvilon
Fedhas
Trog
The Shining One

Annotations:
D:4 Dowan, Duvessa


Innate Abilities, Weirdness & Mutations

You have very sharp teeth.
Your uncanny sense of smell can sniff out nearby items.
Your experience applies equally to all skills.


Message History

You kill the iguana!
No target in view!
h - a potion of haste;
A - a scroll labelled PATEIRGHUQOI You start resting.
HP restored.
Health restored: 53
B - a ring of willpower
B - a ring of willpower (left hand)
N - a ring of positive energy
N - a ring of positive energy (right hand)
You see here 4 gold pieces.
Dowan shouts!
There is an open door here.
You barely miss Duvessa.
Duvessa hits you with a +2 rapier of holy wrath!
You take 9 damage, and have 44/53 hp.
You slash Duvessa!
Duvessa is moderately wounded.
Duvessa hits you with a +2 rapier of holy wrath!
You take 8 damage, and have 36/53 hp.
You hit Duvessa.
Duvessa is moderately wounded.
Duvessa hits you with a +2 rapier of holy wrath.
Dowan barely misses you.
You take 3 damage, and have 33/53 hp.
You hit Duvessa but do no damage.
Duvessa is moderately wounded.
Duvessa hits you with a +2 rapier of holy wrath!
Dowan points at you and mumbles some strange words.
The puff of frost hits you.
You take 12 damage, and have 21/53 hp.
MASSIVE DAMAGE!!
You feel yourself speed up.
Duvessa hits you with a +2 rapier of holy wrath!
* * * LOW HITPOINT WARNING * * *
Dowan barely misses you.
You take 10 damage, and have 11/53 hp.
You slash Duvessa! You bite Duvessa, but do no damage.
Duvessa is heavily wounded.
Duvessa hits you with a +2 rapier of holy wrath!
You die...

#.............#
########....##########
##....###....##...###.>.
#...............).......
#.......................
#.......................
#........................#
#.............e..........
##.....###...##@..###...#
#########...###e######'##
#...e.e..........#
#...............#######
#...............##....#
##.?$##...###...##....#
#...##...###...##....# ∆
#+####...............#
#...............+


You could see Duvessa and Dowan.

Vanquished Creatures
  Grinder (D:3)
  A hound (D:4)
  An iguana (D:4)
  An orc wizard (D:3)
  Robin (D:4)
  6 adders
  An ufetubus (D:4)
  2 dart slugs
  3 orcs (D:3)
  5 ball pythons
  5 bats
  6 endoplasms
  5 giant cockroaches
  13 goblins
  6 hobgoblins
  5 jackals
  6 kobolds
  3 quokkas
  3 frilled lizards
  3 rats
77 creatures vanquished.

Notes
Turn   | Place    | Note
-------+----------+-------------------------------------------
     0 | D:1      | KyoPewz the Gnoll Wanderer began the quest for the Orb.
     0 | D:1      | KyoPewz set off with the following items: a +0 falchion, a
                  | +0 ring mail, a scroll of summoning; and the following
                  | spell memorised: Freeze; and the following spells available
                  | to memorise: Ensorcelled Hibernation, Ice Form.
     0 | D:1      | Reached XP level 1. HP: 23/23 MP: 4/4
   231 | D:1      | Reached XP level 2. HP: 20/29 MP: 5/5
   838 | D:1      | Found a faded altar of an unknown god.
   842 | D:1      | Reached XP level 3. HP: 35/35 MP: 7/7
   846 | D:1      | Got Plato's Book of Shocking Battle Magic
  1203 | D:1      | Prayed at the altar of an unknown god.
  1203 | D:1      | Became a worshipper of the Shining One
  1203 | D:1      | Reached * piety under the Shining One
  1267 | D:2      | Reached skill level 1 in Invocations
  1696 | D:2      | Reached skill level 1 in Short Blades
  1696 | D:2      | Reached skill level 1 in Axes
  1696 | D:2      | Reached skill level 1 in Maces & Flails
  1696 | D:2      | Reached skill level 1 in Polearms
  1696 | D:2      | Reached skill level 1 in Staves
  1696 | D:2      | Reached skill level 1 in Ranged Weapons
  1696 | D:2      | Reached skill level 1 in Dodging
  1696 | D:2      | Reached skill level 1 in Stealth
  1696 | D:2      | Reached skill level 1 in Shields
  1696 | D:2      | Reached skill level 1 in Unarmed Combat
  1696 | D:2      | Reached skill level 1 in Evocations
  1814 | D:2      | Reached XP level 4. HP: 41/41 MP: 8/8
  2036 | D:2      | Reached skill level 1 in Conjurations
  2036 | D:2      | Reached skill level 1 in Hexes
  2036 | D:2      | Reached skill level 1 in Summonings
  2036 | D:2      | Reached skill level 1 in Necromancy
  2036 | D:2      | Reached skill level 1 in Translocations
  2036 | D:2      | Reached skill level 1 in Transmutations
  2036 | D:2      | Reached skill level 1 in Fire Magic
  2036 | D:2      | Reached skill level 1 in Air Magic
  2036 | D:2      | Reached skill level 1 in Earth Magic
  2036 | D:2      | Reached skill level 1 in Poison Magic
  2541 | D:3      | Noticed Grinder
  2560 | D:3      | Paralysed by Grinder for 2 turns
  2562 | D:3      | Killed Grinder
  2563 | D:3      | Reached XP level 5. HP: 31/47 MP: 8/10
  2563 | D:3      | Reached XP level 6. HP: 35/53 MP: 8/11
  3577 | D:4      | Found a white marble altar of Elyvilon.
  3609 | D:4      | Noticed Robin
  3633 | D:4      | Killed Robin
  3900 | D:4      | Noticed Duvessa
  3900 | D:4      | Noticed Dowan
  3940 | D:4      | Reached ** piety under the Shining One
  3947 | D:4      | Found a blossoming altar of Fedhas.
  4005 | D:4      | Found a bloodstained altar of Trog.
  4145 | D:4      | Slain by Duvessa

Illustrated notes

Levels and vault maps discovered:
D:1:      psy_arrival_statuary, layout_loops_ring,
          shapermc_ecumenical_altar_rom_forum, minmay_tetromino_o2
D:2:      layout_loops_cross, nicolae_elevator_lobby_asterisk
D:3:      layout_loops_ring, serial_glass, glass_columns_a, glass_columns_c,
          uniq_grinder
D:4:      layout_gridville, lemuel_crystal_altar,
          nicolae_yredelemnul_corpse_copse, fedhas_altar_1,
          nicolae_overflow_hidden_temple, minmay_temple_entry_wispy,
          uniq_duvessa, uniq_robin

Skill      XL: |  1  2  3  4 |
---------------+-------------+-----
Invocations    | 1 2 |  2.5
Short Blades   | 1 2 |  2.2
Axes           | 1 2 |  2.2
Maces & Flails | 1 2 |  2.2
Polearms       | 1 2 |  2.2
Staves         | 1 2 |  2.2
Ranged Weapons | 1 2 |  2.2
Dodging        | 1 2 |  2.2
Stealth        | 1 2 |  2.2
Shields        | 1 2 |  2.2
Unarmed Combat | 1 2 |  2.2
Evocations     | 1 2 |  2.2
Spellcasting   | 3 |  3.6
Conjurations   | 1 |  1.8
Hexes          | 1 |  1.8
Summonings     | 1 |  1.8
Necromancy     | 1 |  1.8
Translocations | 1 |  1.8
Transmutations | 1 |  1.8
Fire Magic     | 1 |  1.8
Air Magic      | 1 |  1.8
Earth Magic    | 1 |  1.8
Poison Magic   | 1 |  1.8
Long Blades    | 3 |  3.4
Throwing       | 3 |  3.4
Armour         | 3 |  3.4
Fighting       | |  6.9
Ice Magic      | |  5.7

Action                   |  1- 3 |  4- 6 || total
-------------------------+-------+-------++-------
Melee: Falchion          |   109 |   145 ||   254
       Bite              |     9 |    17 ||    26
       Punch             |     1 |       ||     1
 Cast: Freeze            |       |     4 ||     4
  Use: Potion            |       |     1 ||     1
Armor: Ring mail         |    48 |    61 ||   109
Dodge: Dodged            |    56 |    61 ||   117
Block: Buckler           |       |    25 ||    25
